 Dungeon Crawl Stone Soup version 0.17-a0-1987-gaf5a542 (webtiles) character file.

6313 derrpe the Martial Artist (level 10, 0/53 HPs)
             Began as a Vine Stalker Monk on Oct 6, 2015.
             Was a High Priest of Makhleb.
             Slain by a spiny frog (10 damage)
             ... on level 1 of the Lair of Beasts.
             The game lasted 00:21:53 (10529 turns).

derrpe the Martial Artist (Vine Stalker Monk)      Turns: 10529, Time: 00:21:53

Health: 0/53       AC:  9    Str: 16    XL:     10   Next: 95%
Magic:  0/22       EV: 14    Int: 12    God:    Makhleb [*****.]
Gold:   220        SH:  0    Dex: 16    Spells: 0 memorised, 9 levels left

rFire  . . .     SeeInvis .       - Unarmed
rCold  . . .     Clarity  .     m - +1 ring mail
rNeg   . . .     SustAt   .     (no shield)
rPois  +         Gourm    .     (helmet restricted)
rElec  .         Spirit   +     i - +0 cloak
rCorr  .         Warding  .     f - +1 pair of gloves
rMut   .         Stasis   .     (no boots)
MR     +....                    F - amulet of regeneration
Stlth  ++........               p - ring of poison resistance
                                y - ring of magical power

@: somewhat resistant to hostile enchantments, unstealthy
A: fangs 3, horns 1, talons 1, deterioration 1, low mp 2, sense surroundings 1,
regeneration 2, screaming 1, magic shield, antimagic bite, no device heal 3, rot
immunity
a: Minor Destruction, Lesser Servant of Makhleb, Major Destruction, Greater
Servant of Makhleb, Renounce Religion


You were on level 1 of the Lair of Beasts.
You worshipped Makhleb.
Makhleb was extremely pleased with you.
You were not hungry.

You visited 2 branches of the dungeon, and saw 12 of its levels.

You collected 554 gold pieces.
You spent 334 gold pieces at shops.

Inventory:

Hand Weapons
 r - a +0 blowgun
Missiles
 s - 245 stones (quivered)
 u - 9 curare-tipped needles
 C - 8 silver javelins
Armour
 f - a +1 pair of gloves (worn)
 i - a +0 cloak (worn)
 m - a +1 ring mail (worn)
 B - a +0 plate armour
 H - a troll hide
Jewellery
 a - an uncursed ring of flight
 d - an uncursed amulet of stasis
 g - an uncursed amulet of resist mutation
 o - an uncursed ring of positive energy
 p - a ring of poison resistance (right hand)
 w - an uncursed ring of protection from fire
 y - a ring of magical power (left hand)
 z - an uncursed ring of protection from magic
 F - an amulet of regeneration (around neck)
Wands
 j - a wand of draining (6)
 v - a wand of digging (11)
 D - a wand of confusion (29)
Scrolls
 c - 9 scrolls of identify
 k - 3 scrolls of amnesia
 l - 4 scrolls of blinking
 t - a scroll of teleportation
 A - a scroll of recharging
 I - a scroll of fear
 J - 2 scrolls of enchant armour
 K - 2 scrolls of magic mapping
Potions
 e - 2 potions of lignification
 h - 6 potions of curing
 n - 4 potions of flight
 G - a potion of brilliance
Comestibles
 b - 8 bread rations {@e1}
 q - 4 meat rations {@e2}
 x - 10 slices of pizza
 E - 2 beef jerkies


   Skills:
 + Level 6.7 Fighting
 + Level 5.8 Dodging
 - Level 2.4 Stealth
 * Level 11.0 Unarmed Combat
 * Level 8.3 Invocations


You had 9 spell levels left.
You didn't know any spells.

Dungeon Overview and Level Annotations

Branches:
Dungeon (11/15)            Temple (0/1) D:7            Lair (1/8) D:8
    Orc (0/4) D:10

Altars:
Ashenzari
Cheibriados
Gozag
Kikubaaqudgha
Makhleb
Nemelex Xobeh
Okawaru
Qazlal
Ru
Sif Muna
Trog
Yredelemnul
The Shining One

Shops:
D:10 =*=


Innate Abilities, Weirdness & Mutations

You have razor-sharp teeth.
You heal very quickly.
When hurt, damage is shared between your health and your magic reserves.
Your bite disrupts and absorbs the magic of your enemies.
Potions and wands cannot restore your health.
You are immune to rotting.
You have a pair of small horns on your head.
You have sharp toenails.
Your body sometimes deteriorates upon taking damage.
Your magical capacity is very low (-20% MP).
You passively map a small area around you.
You occasionally shout uncontrollably at your foes.


Message History

The spiny frog is severely wounded.
You feel sick. The spiny frog stings you.
You are more poisoned.
The spiny frog poisons you!
The porcupine bites you but does no damage.
You barely miss the spiny frog. Your kick misses the spiny frog.
Your headbutt misses the spiny frog. You punch the spiny frog!
You bite the spiny frog. You drain its power.
You feel invigorated.
The spiny frog is almost dead.
You feel sick. The spiny frog stings you! The porcupine bites you!
* * * LOW HITPOINT WARNING * * *
You hit the spiny frog. Your kick misses the spiny frog.
You headbutt the spiny frog, but do no damage.
The spiny frog is almost dead.
You feel sick. The spiny frog closely misses you.
The porcupine completely misses you.
Unknown command.
Drink which item? (? for menu, Esc to quit)
You feel better. The spiny frog stings you!
You die...

.P# #..#............# ##. .##
##.#.####.####### #.. ## #..##
#.# ##. #.######.######## #.
#.#............P# #.
#.#.#.#..#####.## #. #...####.#
##.# #. ##...# ##r####..## ##
#### ##....###@#..#.#..# # #..#
#....).(F###......# # ...#
##....(#....#.##..## #..#
#.#...###.........##### #..#
##.(..## ##..#P...#.##.# ##.##
#..(..######.##.....).#### #..#
##.#[.............##P.##..
#.#####=#..#....####....###.....
#......###.###### ##...##P.##.#


You could see a spiny frog and a porcupine.

Vanquished Creatures
  A spiny frog (Lair:1)
  A troll (D:8)
  A trapdoor spider (D:10)
  A human (D:7)
  2 hungry ghosts (D:10)
  A wraith (D:10)
  A yak (D:7)
  A wyvern (D:10)
  A hippogriff (Lair:1)
  Menkaure (D:6)
  4 water moccasins (Lair:1)
  A hog (D:7)
  A sky beast (D:3)
  An orc warrior (D:8)
  An ice beast (D:9)
  3 ogres
  A phantom (D:8)
  A necrophage (D:5)
  A centaur (D:10)
  A crocodile (Lair:1)
  Blork the orc (D:6)
  A wyvern zombie (D:6)
  A big kobold (D:8)
  4 giant frogs
  3 scorpions
  4 wights (D:8)
  5 troll zombies (D:10)
  A quasit (D:10)
  5 crimson imps
  2 jellies
  3 hounds
  5 orc wizards
  Crazy Yiuf (D:3)
  4 orc priests
  3 iguanas
  6 worker ants
  2 sheep (D:7)
  2 ogre zombies (D:10)
  A hound zombie (D:8)
  A hound skeleton (D:10)
  A worker ant zombie (D:6)
  6 gnolls
  8 adders
  A shadow imp (D:10)
  2 oozes (D:1)
  An adder zombie (D:7)
  2 adder skeletons
  3 worms
  3 giant geckos
  30 orcs
  7 bats
  6 giant cockroaches
  13 goblins
  9 hobgoblins
  17 kobolds
  A quokka (D:8)
  A giant gecko zombie (D:8)
  8 giant newts
  3 goblin skeletons (D:10)
  4 goblin zombies (D:10)
  A hobgoblin skeleton (D:10)
  A hobgoblin zombie (D:10)
  13 jackals
  4 orc skeletons (D:10)
  11 orc zombies (D:10)
  2 rats
  A fungus (D:8)
  3 plants (D:6)
243 creatures vanquished.

Vanquished Creatures (collateral kills)
  Erolcha (D:10)
  A hill giant (D:10)
  A two-headed ogre (D:8)
  A phantom (D:10)
  A wight (D:8)
  A crimson imp (D:10)
  A worker ant (D:10)
  An ogre zombie (D:10)
  4 gnolls
  A shadow imp (D:10)
  An orc (D:8)
  A goblin (D:8)
15 creatures vanquished.

Vanquished Creatures (others)
  A fungus (Lair:1)
  A plant (D:6)
2 creatures vanquished.

Grand Total: 260 creatures vanquished

Notes
Turn   | Place    | Note
--------------------------------------------------------------
     0 | D:1      | derrpe the Vine Stalker Monk began the quest for the Orb.
     0 | D:1      | Reached XP level 1. HP: 11/11 MP: 2/2
    76 | D:1      | Reached XP level 2. HP: 14/16 MP: 3/3
   394 | D:1      | Reached XP level 3. HP: 19/19 MP: 4/4
   495 | D:1      | Reached skill level 5 in Unarmed Combat
  1076 | D:3      | Reached XP level 4. HP: 23/23 MP: 5/5
  1599 | D:2      | Reached skill level 6 in Unarmed Combat
  1716 | D:2      | You fall through a shaft for 2 floors!
  1771 | D:4      | Reached XP level 5. HP: 28/28 MP: 6/6
  1832 | D:4      | Found a burning altar of Makhleb.
  1855 | D:4      | Became a worshipper of Makhleb the Destroyer
  1855 | D:4      | Acquired Makhleb's first power
  1855 | D:4      | Acquired Makhleb's second power
  1965 | D:4      | Found a deep blue altar of Sif Muna.
  1973 | D:4      | Found a shattered altar of Ashenzari.
  1975 | D:4      | Found a snail-covered altar of Cheibriados.
  2054 | D:4      | Found an ancient bone altar of Kikubaaqudgha.
  2054 | D:4      | Found a stormy altar of Qazlal.
  2144 | D:4      | Gained mutation: You heal very quickly. [Vine Stalker growth]
  2144 | D:4      | Reached XP level 6. HP: 32/32 MP: 7/7
  2667 | D:4      | Found an opulent altar of Gozag.
  2900 | D:5      | Entered Level 5 of the Dungeon
  3016 | D:5      | Reached skill level 7 in Unarmed Combat
  3205 | D:5      | Reached XP level 7. HP: 33/37 MP: 8/8
  4001 | D:3      | Acquired Makhleb's third power
  4028 | D:3      | Noticed a sky beast
  4042 | D:3      | Killed a sky beast
  4042 | D:3      | Reached skill level 1 in Invocations
  4069 | D:3      | Gained mutation: Your magical capacity is low (-10% MP). [mutagenic meat]
  4070 | D:3      | Gained mutation: Your body sometimes deteriorates upon taking damage. [mutagenic meat]
  4071 | D:3      | Gained mutation: You occasionally shout uncontrollably at your foes. [mutagenic meat]
  4072 | D:3      | Gained mutation: You passively map a small area around you. [mutagenic meat]
  4074 | D:3      | Gained mutation: Your magical capacity is very low (-20% MP). [potion of mutation]
  4074 | D:3      | Gained mutation: You have sharp toenails. [potion of mutation]
  4074 | D:3      | Gained mutation: You have a pair of small horns on your head. [potion of mutation]
  4619 | D:3      | Noticed Crazy Yiuf
  4635 | D:3      | Killed Crazy Yiuf
  5120 | D:6      | Noticed Blork the orc
  5138 | D:6      | Killed Blork the orc
  5138 | D:6      | Reached skill level 8 in Unarmed Combat
  5138 | D:6      | Gained mutation: You have razor-sharp teeth. [Vine Stalker growth]
  5138 | D:6      | Reached XP level 8. HP: 42/42 MP: 8/8
  5278 | D:6      | Found a sparkling altar of Nemelex Xobeh.
  5355 | D:6      | Noticed Menkaure
  5362 | D:6      | Killed Menkaure
  5740 | D:6      | Acquired Makhleb's fourth power
  6182 | D:7      | Reached skill level 5 in Fighting
  6189 | D:7      | Reached skill level 9 in Unarmed Combat
  6189 | D:7      | Reached XP level 9. HP: 45/47 MP: 10/10
  6377 | D:7      | Found a staircase to the Ecumenical Temple.
  6745 | D:8      | Found a staircase to the Lair.
  6889 | D:8      | Reached skill level 5 in Invocations
  8014 | D:8      | Found an iron altar of Okawaru.
  8290 | D:9      | Reached skill level 5 in Dodging
  8290 | D:9      | Reached skill level 10 in Unarmed Combat
  8354 | D:9      | Found a bloodstained altar of Trog.
  8354 | D:9      | Found a basalt altar of Yredelemnul.
  8359 | D:9      | Found a glowing golden altar of the Shining One.
  8448 | D:9      | Reached XP level 10. HP: 53/53 MP: 12/12
  8480 | D:9      | Found a sacrificial altar of Ru.
  8848 | D:10     | Entered Level 10 of the Dungeon
  8949 | D:10     | Noticed Erolcha
  8962 | D:10     | Killed Erolcha
  9060 | D:10     | Found Vasmis Zysy's Jewellery Emporium.
  9166 | D:10     | Noticed a hill giant
  9173 | D:10     | Killed a hill giant
  9222 | D:10     | Acquired Makhleb's fifth power
  9292 | D:10     | Found a staircase to the Orcish Mines.
  9615 | D:10     | Found Timpopna's Jewellery Boutique.
  9639 | D:10     | Bought an uncursed ring of poison resistance for 280 gold pieces
  9659 | D:10     | Found Jaelas's Assorted Antiques.
  9690 | D:10     | Bought a lumpy amethyst potion for 27 gold pieces
  9690 | D:10     | Bought an amethyst potion for 27 gold pieces
  9912 | Lair:1   | Entered Level 1 of the Lair of Beasts
 10286 | Lair:1   | Reached skill level 11 in Unarmed Combat
 10529 | Lair:1   | Slain by a spiny frog

Vault maps used:
D:1:      shiori_shiawase, kennysheep_doodads
D:3:      first_bread, uniq_crazy_yiuf_cottage
D:4:      lemuel_coloured_pillars_altar, grunt_temple_overflow_open,
          makhleb_blood_cavern_becter
D:5:      kennysheep_generic_room_12
D:6:      serial_bayou, serial_bayou_pond_c, serial_bayou_pond_d,
          serial_bayou_pond_c, serial_bayou_lagoon_a, nemelex_deck,
          uniq_blork_the_orc, uniq_menkaure
D:7:      minmay_temple_entry_enclosed_plants, grunt_livestock
D:8:      okawaru_altar_gauntlet_db, dpeg_oklobed_lair
D:9:      nicolae_overflow_crystal_walls, gammafunk_temple_overflow_forgotten
D:10:     zombieorc2_lemuel, serial_shops, shop, shop, shop, nicolae_shop_trees,
          nicolae_shop_overgrown_old_shop, uniq_erolcha

Action                   |  1- 3 |  4- 6 |  7- 9 | 10-12 || total
-------------------------+-------+-------+-------+-------++-------
Melee: Unarmed           |   112 |   187 |   346 |   203 ||   848
Throw: Tomahawk          |     2 |    27 |   205 |    60 ||   294
       Stone             |       |    67 |    28 |    77 ||   172
Invok: Minor Destruction |       |       |    16 |     1 ||    17
       Lesser Servant of |       |       |     5 |     2 ||     7
Evoke: Wand              |       |       |     6 |       ||     6
  Use: Potion            |       |     2 |     8 |     3 ||    13
       Scroll            |       |       |    16 |       ||    16
 Stab: Sleeping          |     4 |     4 |       |       ||     8
       Distracted        |       |       |       |     1 ||     1
  Eat: Chunk             |     1 |     6 |    21 |     8 ||    36
       Beef jerky        |       |       |     1 |       ||     1
       Bread ration      |       |       |       |     1 ||     1
